Scraper vs Atomiques
Created - 17 novembre 2015 at 00:10
Goals
|
| Scraper |
0 |
4 |
1 |
5 |
| Atomiques |
1 |
2 |
1 |
4 |
|
Shots
|
| Scraper |
6 |
17 |
12 |
35 |
| Atomiques |
11 |
22 |
8 |
41 |
|
1st period
1. Atomiques , Marc-Antoine Pouliot 4 (Shawn Belle) at 12:07 (PP)
Penalties :
Brayden Schenn (Out) for Roughing (Minor) at 1:55, Maxime Ouellet (Out) for Delaying the game (Minor) at 11:28 - Ben Eager served the penalty
2nd period
2. Scraper , Ben Eager 9 (Ryan O'Reilly) at 1:47
3. Atomiques , Tyler Kennedy 11 (Casey Borer, Brad Winchester) at 2:45
4. Scraper , Evander Kane 9 (Eric Gryba) at 6:51
5. Scraper , Denis Shvidki 11 (Riley Armstrong, Ben Eager) at 9:22
6. Atomiques , Brad Winchester 11 (Tyler Kennedy, Tyler Brenner) at 12:56
7. Scraper , Jerome Samson 2 (Eric Gryba) at 13:44
Penalties :
Casey Borer (STB) for Hooking (Minor) at 14:06
3rd period
8. Scraper , Rick Schofield 3 (Jerome Samson, Marcus Foligno) at 1:49
9. Atomiques , Ryan Shannon 9 (Marc-Antoine Pouliot, Kenndal McArdle) at 16:19
Penalties :
Reilly Smith (Out) for Tripping (Minor) at 1:50, John McCarthy (STB) for Tripping (Minor) at 6:39, Marcus Foligno (Out) for Hooking (Minor) at 8:52
Goalie Stats
Maxime Ouellet (Out), 37 saves from 41 shots - (0,902), W, 8-2-2, 60:00 minutes
Alex Auld (STB), 30 saves from 35 shots - (0,857), L, 6-5-0, 58:56 minutes
Players Stats for Scraper
Player Name G A P +/- PIM S H SB GA TA FO MP PP MP PK MP
------------------------------------------------------------------------------------
Ben Eager 1 1 2 0 0 3 1 0 0 1 0/1 16:55 1:58 1:03
Brayden Schenn 0 0 0 1 2 2 0 0 0 0 17/31 21:55 1:14 2:42
Curtis Hamilton 0 0 0 0 0 0 0 0 0 0 0/0 0:00 0:00 0:00
Daniel Winnik 0 0 0 0 0 1 1 0 0 0 0/1 10:12 0:39 0:00
Danny Biega 0 0 0 1 0 1 0 2 0 1 0/0 11:40 0:00 0:00
Denis Shvidki 1 0 1 0 0 1 2 0 0 3 0/0 16:13 2:30 3:41
Derek Joslin 0 0 0 -1 0 2 0 4 0 0 0/0 20:10 0:11 4:20
Eric Godard 0 0 0 0 0 0 1 0 0 0 0/1 16:14 1:58 0:00
Eric Gryba 0 2 2 2 0 0 2 2 0 2 0/0 26:02 1:32 2:16
Evander Kane 1 0 1 1 0 6 0 0 2 1 1/1 21:04 1:21 1:46
Jared Cowen 0 0 0 2 0 1 1 4 0 1 0/0 27:55 2:26 4:20
Jerome Samson 1 1 2 1 0 2 0 1 0 0 0/0 7:52 0:21 0:00
Joe Finley 0 0 0 -1 0 0 1 0 0 0 0/0 19:51 1:28 2:16
Justin Florek 0 0 0 0 0 0 0 0 0 0 0/0 0:00 0:00 0:00
Marcus Foligno 0 1 1 1 2 0 0 1 1 0 0/0 8:01 0:00 0:00
Nate Guenin 0 0 0 1 0 2 1 0 1 0 0/0 12:03 0:00 0:00
Reilly Smith 0 0 0 1 2 1 4 0 0 0 1/3 18:32 1:28 0:00
Rick Schofield 1 0 1 1 0 3 0 0 1 0 2/6 8:55 0:00 1:26
Riley Armstrong 0 1 1 0 0 2 1 0 0 0 1/5 12:17 0:00 1:46
Riley Nash 0 0 0 0 0 0 0 0 0 0 0/0 0:00 0:00 0:00
Roman Horak 0 0 0 0 0 0 0 0 0 0 0/0 2:14 0:50 0:48
Ryan O'Reilly 0 1 1 0 0 8 1 0 0 1 11/19 15:16 1:54 0:00
Players Stats for Atomiques
Player Name G A P +/- PIM S H SB GA TA FO MP PP MP PK MP
------------------------------------------------------------------------------------
Alex Berry 0 0 0 -2 0 5 1 0 0 0 0/0 9:34 0:04 0:00
Alexander Sulzer 0 0 0 -1 0 1 2 3 0 2 0/0 29:38 4:33 2:47
Andrew Kozek 0 0 0 -2 0 2 1 1 2 0 0/0 11:33 0:04 0:37
Brad Winchester 1 1 2 2 0 5 3 2 0 1 1/5 22:17 3:56 1:59
Brett Sutter 0 0 0 -2 0 4 0 0 0 0 4/8 9:15 0:00 0:00
Casey Borer 0 1 1 1 2 4 0 5 1 0 0/0 25:45 2:33 0:07
Clayton Stoner 0 0 0 -2 0 0 3 1 0 0 0/0 23:21 2:18 1:42
John McCarthy 0 0 0 -2 2 3 1 0 0 1 0/1 9:28 0:00 0:00
Kenndal McArdle 0 1 1 0 0 8 1 0 1 0 0/0 15:45 2:36 0:00
Marc-André Cliche 0 0 0 -2 0 1 1 0 1 0 5/5 11:14 0:00 1:06
Marc-Antoine Pouliot 1 1 2 0 0 2 1 1 0 0 9/12 15:45 2:36 0:00
Nick Johnson 0 0 0 -2 0 0 1 0 0 0 0/0 10:27 0:04 0:00
Roman Polak 0 0 0 0 0 1 0 1 0 0 0/0 14:10 0:00 2:09
Ryan Shannon 1 0 1 0 0 3 2 0 4 0 1/1 17:02 2:36 1:00
Scott Jackson 0 0 0 -2 0 0 1 1 0 1 0/0 19:29 2:03 1:11
Shawn Belle 0 1 1 0 0 0 1 1 0 0 0/0 7:10 1:45 0:00
Tyler Brenner 0 1 1 2 0 0 0 0 0 0 14/35 21:35 3:56 1:00
Tyler Kennedy 1 1 2 2 0 2 2 2 1 0 1/1 22:32 3:56 2:14
3 Stars
1 - Brad Winchester (STB)
2 - Tyler Kennedy (STB)
3 - Eric Gryba (Out)
Power Play
Scraper - 0 on 2 Attempt(s) - 0,00%
Atomiques - 1 on 4 Attempt(s) - 25,00%
Penalty Kill
Scraper - 3 on 4 Attempt(s) - 75,00%
- Score 0 goal in Penalty Kill
Atomiques - 2 on 2 Attempt(s) - 100,00%
- Score 0 goal in Penalty Kill
Team Stat
Scraper - Hits : 16 - Faceoff Wins : 33 - Blocked Shots : 14 - Penalty Minutes : 6
Atomiques - Hits : 21 - Faceoff Wins : 35 - Blocked Shots : 18 - Penalty Minutes : 4
Official
Referees : StPierre Justin and O'Rourke Dan
Linesman : Mike Cvik and Lyle Seitz
Game Notes
Shawn Belle is injured at 17:07 of 1st period (Right Hand)
Finance
Level 1 -- Attendance: 1491 (74,55%) -- Ticket Income 52 185 $
Level 2 -- Attendance: 750 (75,00%) -- Ticket Income 11 250 $
Total Attendance: 2241 (74,70%)
Total Ticket Income: 63 435 $
Other Income: 3 172 $
Total Income: 66 607 $
Scraper
5 vs 5 Forward
Center Left Wing Right Wing Time % Phy DF OF
1 Brayden Schenn Evander Kane Reilly Smith 40 0 2 3
2 Ryan O'Reilly Ben Eager Eric Godard 30 0 2 3
3 Riley Armstrong Daniel Winnik Denis Shvidki 20 1 2 2
4 Rick Schofield Marcus Foligno Jerome Samson 10 1 2 2
5 vs 5 Defense
Defense Defense Time % Phy DF OF
1 Jared Cowen Eric Gryba 40 0 2 3
2 Derek Joslin Joe Finley 30 1 2 2
3 Nate Guenin Danny Biega 20 1 2 2
4 Jared Cowen Eric Gryba 10 1 2 2
PowerPlay Forward
Center Left Wing Right Wing Time % Phy DF OF
1 Brayden Schenn Evander Kane Reilly Smith 60 0 1 4
2 Ryan O'Reilly Ben Eager Eric Godard 40 0 1 4
PowerPlay Defense
Defense Defense Time % Phy DF OF
1 Jared Cowen Denis Shvidki 60 0 2 3
2 Eric Gryba Joe Finley 40 1 2 2
Penalty Kill 4 Players Forward
Center Wing Time % Phy DF OF
1 Brayden Schenn Denis Shvidki 60 1 4 0
2 Riley Armstrong Evander Kane 40 1 4 0
Penalty Kill 4 Players Defense
Defense Defense Time % Phy DF OF
1 Jared Cowen Derek Joslin 60 1 4 0
2 Eric Gryba Joe Finley 40 1 4 0
Penalty Kill - 3 Players Forward
Forward Time % Phy DF OF
1 Brayden Schenn 60 1 4 0
2 Denis Shvidki 40 1 4 0
Penalty Kill - 3 Players Defense
Defense Defense Time % Phy DF OF
1 Jared Cowen Derek Joslin 60 1 4 0
2 Eric Gryba Joe Finley 40 1 4 0
4 vs 4 Forward
Center Wing Time % Phy DF OF
1 Brayden Schenn Evander Kane 60 0 2 3
2 Ryan O'Reilly Ben Eager 40 0 2 3
4 vs 4 Defense
Defense Defense Time % Phy DF OF
1 Jared Cowen Derek Joslin 60 1 2 2
2 Eric Gryba Joe Finley 40 1 2 2
Last Minutes Offensive
Center Left Wing Right Wing Defense Defense
Brayden Schenn Evander Kane Reilly Smith Jared Cowen Derek Joslin
Last Minutes Defensive
Center Left Wing Right Wing Defense Defense
Riley Armstrong Evander Kane Eric Godard Jared Cowen Derek Joslin
Goaltenders
Starting : Maxime Ouellet
Backup : Peter Mannino
Extra Forwards
Normal : Evander Kane, Brayden Schenn, Ryan O'Reilly - PP : Ryan O'Reilly, Evander Kane - PK : Rick Schofield
Extra Defensemen
Normal : Jared Cowen, Joe Finley, Derek Joslin - PP : Jared Cowen - PK : Joe Finley, Derek Joslin
Penalty Shots
Riley Armstrong, Denis Shvidki, Reilly Smith, Evander Kane, Brayden Schenn
Atomiques
5 vs 5 Forward
Center Left Wing Right Wing Time % Phy DF OF
1 Tyler Brenner Brad Winchester Tyler Kennedy 40 1 2 2
2 Marc-Antoine Pouliot Kenndal McArdle Ryan Shannon 30 1 2 2
3 Marc-André Cliche Andrew Kozek Nick Johnson 20 1 2 2
4 Brett Sutter John McCarthy Alex Berry 10 1 2 2
5 vs 5 Defense
Defense Defense Time % Phy DF OF
1 Alexander Sulzer Shawn Belle 40 1 2 2
2 Clayton Stoner Scott Jackson 30 1 2 2
3 Casey Borer Roman Polak 20 1 2 2
4 Alexander Sulzer Shawn Belle 10 1 2 2
PowerPlay Forward
Center Left Wing Right Wing Time % Phy DF OF
1 Tyler Brenner Brad Winchester Tyler Kennedy 60 1 2 2
2 Marc-Antoine Pouliot Kenndal McArdle Ryan Shannon 40 1 2 2
PowerPlay Defense
Defense Defense Time % Phy DF OF
1 Alexander Sulzer Shawn Belle 60 1 2 2
2 Clayton Stoner Scott Jackson 40 1 2 2
Penalty Kill 4 Players Forward
Center Wing Time % Phy DF OF
1 Brad Winchester Tyler Kennedy 60 1 2 2
2 Ryan Shannon Tyler Brenner 40 1 2 2
Penalty Kill 4 Players Defense
Defense Defense Time % Phy DF OF
1 Alexander Sulzer Shawn Belle 60 1 2 2
2 Clayton Stoner Scott Jackson 40 1 2 2
Penalty Kill - 3 Players Forward
Forward Time % Phy DF OF
1 Brad Winchester 60 1 2 2
2 Tyler Kennedy 40 1 2 2
Penalty Kill - 3 Players Defense
Defense Defense Time % Phy DF OF
1 Alexander Sulzer Shawn Belle 60 1 2 2
2 Clayton Stoner Scott Jackson 40 1 2 2
4 vs 4 Forward
Center Wing Time % Phy DF OF
1 Brad Winchester Tyler Kennedy 60 1 2 2
2 Ryan Shannon Tyler Brenner 40 1 2 2
4 vs 4 Defense
Defense Defense Time % Phy DF OF
1 Alexander Sulzer Shawn Belle 60 1 2 2
2 Clayton Stoner Scott Jackson 40 1 2 2
Last Minutes Offensive
Center Left Wing Right Wing Defense Defense
Tyler Brenner Brad Winchester Tyler Kennedy Alexander Sulzer Shawn Belle
Last Minutes Defensive
Center Left Wing Right Wing Defense Defense
Tyler Brenner Brad Winchester Tyler Kennedy Alexander Sulzer Shawn Belle
Goaltenders
Starting : Alex Auld
Backup : Sergei Bobrovsky
Extra Forwards
Normal : Nick Johnson, Andrew Kozek, Marc-André Cliche - PP : Nick Johnson, Andrew Kozek - PK : Marc-André Cliche
Extra Defensemen
Normal : Casey Borer, Roman Polak, Clayton Stoner - PP : Casey Borer - PK : Roman Polak, Clayton Stoner
Penalty Shots
Brad Winchester, Tyler Kennedy, Ryan Shannon, Tyler Brenner, Kenndal McArdle
% Time on Ice - Scraper
Lines # - Real PCT - Wanted PCT - Time Play
Normal Forward
1 - 37% - 40% - 18:04
2 - 28% - 30% - 13:30
3 - 20% - 20% - 9:29
4 - 15% - 10% - 7:29
Normal Defense
1 - 38% - 40% - 18:16
2 - 33% - 30% - 16:14
3 - 24% - 20% - 11:40
4 - 5% - 10% - 2:22
PP Forward
1 - 45% - 60% - 1:46
2 - 55% - 40% - 2:12
PP Defense
1 - 61% - 60% - 2:26
2 - 39% - 40% - 1:32
PK Forward
1 - 73% - 60% - 4:50
2 - 27% - 40% - 1:46
PK Defense
1 - 66% - 60% - 4:20
2 - 34% - 40% - 2:16
PK3 Forward
1 - 0% - 60%
2 - 0% - 40%
PK3 Defense
1 - 0% - 60%
2 - 0% - 40%
44 Forward
1 - 0% - 60%
2 - 0% - 40%
44 Defense
1 - 0% - 60%
2 - 0% - 40%
Last Minute Offensive - 0:00
Last Minute Defensive - 0:54
Total
Forward - 60:00
Defense - 60:00
|
% Time on Ice - Atomiques
Lines # - Real PCT - Wanted PCT - Time Play
Normal Forward
1 - 34% - 40% - 16:17
2 - 28% - 30% - 13:26
3 - 19% - 20% - 9:15
4 - 19% - 10% - 9:15
Normal Defense
1 - 42% - 40% - 20:02
2 - 33% - 30% - 16:09
3 - 19% - 20% - 8:57
4 - 6% - 10% - 3:05
PP Forward
1 - 61% - 60% - 4:00
2 - 39% - 40% - 2:36
PP Defense
1 - 69% - 60% - 4:33
2 - 31% - 40% - 2:03
PK Forward
1 - 75% - 60% - 2:58
2 - 25% - 40% - 1:00
PK Defense
1 - 70% - 60% - 2:47
2 - 30% - 40% - 1:11
PK3 Forward
1 - 0% - 60%
2 - 0% - 40%
PK3 Defense
1 - 0% - 60%
2 - 0% - 40%
44 Forward
1 - 0% - 60%
2 - 0% - 40%
44 Defense
1 - 0% - 60%
2 - 0% - 40%
Last Minute Offensive - 1:13
Last Minute Defensive - 0:00
Total
Forward - 60:00
Defense - 60:00
|
Play by Play
1st period
0:01 of 1st period - Tyler Brenner wins face-off versus Brayden Schenn in neutral zone.
0:54 of 1st period - Slapshot by Jared Cowen.
0:54 of 1st period - Deflect By Riley Armstrong.
0:54 of 1st period - Shot Misses the Net.
0:54 of 1st period - Puck is out of play.
0:55 of 1st period - Brett Sutter wins face-off versus Rick Schofield in Atomiques zone.
1:02 of 1st period - Snap shot by Brett Sutter.
1:02 of 1st period - Stopped by Maxime Ouellet without a rebound.
1:03 of 1st period - Brett Sutter wins face-off versus Rick Schofield in Scraper zone.
1:08 of 1st period - Wrist shot by Alex Berry.
1:08 of 1st period - Deflect By Brett Sutter.
1:08 of 1st period - Stopped by Maxime Ouellet with a rebound.
1:12 of 1st period - Snap shot by Brett Sutter.
1:12 of 1st period - Shot Misses the Net.
1:14 of 1st period - Snap shot by Roman Polak.
1:14 of 1st period - Stopped by Maxime Ouellet with a rebound.
1:16 of 1st period - Wrist shot by John McCarthy.
1:16 of 1st period - Stopped by Maxime Ouellet without a rebound.
1:17 of 1st period - Brayden Schenn wins face-off versus Tyler Brenner in Scraper zone.
1:55 of 1st period - Minor Penalty to Brayden Schenn for Roughing.
1:56 of 1st period - Tyler Brenner wins face-off versus Rick Schofield in Scraper zone.
2:14 of 1st period - Denis Shvidki is hit by Alexander Sulzer and loses puck.
3:55 of 1st period - Penalty to Brayden Schenn is over, Brayden Schenn is back on ice.
4:01 of 1st period - Jared Cowen is hit by Clayton Stoner and loses puck.
4:18 of 1st period - Wrist shot by John McCarthy.
4:18 of 1st period - Stopped by Maxime Ouellet with a rebound.
4:36 of 1st period - Snap shot by Rick Schofield.
4:36 of 1st period - Shot Blocked by Casey Borer.
4:38 of 1st period - Slapshot by Rick Schofield.
4:38 of 1st period - Shot Misses the Net.
4:40 of 1st period - Snap shot by Rick Schofield.
4:40 of 1st period - Stopped by Alex Auld without a rebound.
4:41 of 1st period - Marc-Antoine Pouliot wins face-off versus Riley Armstrong in Atomiques zone.
4:48 of 1st period - Snap shot by Riley Armstrong.
4:48 of 1st period - Stopped by Alex Auld with a rebound.
4:50 of 1st period - Slapshot by Nate Guenin.
4:50 of 1st period - Shot Misses the Net.
4:52 of 1st period - Slapshot by Denis Shvidki.
4:52 of 1st period - Shot Blocked by Marc-Antoine Pouliot.
5:36 of 1st period - Snap shot by Brett Sutter.
5:36 of 1st period - Stopped by Maxime Ouellet without a rebound.
5:37 of 1st period - Brett Sutter wins face-off versus Ryan O'Reilly in Scraper zone.
5:40 of 1st period - Snap shot by Alex Berry.
5:40 of 1st period - Stopped by Maxime Ouellet with a rebound.
6:12 of 1st period - Alexander Sulzer is hit by Reilly Smith and loses puck.
6:29 of 1st period - Slapshot by Marc-Antoine Pouliot.
6:29 of 1st period - Shot Misses the Net.
6:35 of 1st period - Ryan Shannon is hit by Denis Shvidki and loses puck.
7:06 of 1st period - Clayton Stoner is hit by Eric Gryba and loses puck.
7:36 of 1st period - Kenndal McArdle is hit by Reilly Smith and loses puck.
7:56 of 1st period - Backhand shot by Tyler Kennedy.
7:56 of 1st period - Shot Misses the Net.
7:58 of 1st period - Slapshot by Scott Jackson.
7:58 of 1st period - Shot Blocked by Danny Biega.
8:10 of 1st period - Ben Eager is hit by Nick Johnson and loses puck.
9:36 of 1st period - Derek Joslin is hit by Andrew Kozek and loses puck.
10:11 of 1st period - Eric Gryba is hit by Alex Berry and loses puck.
10:26 of 1st period - Nate Guenin is hit by Brad Winchester and loses puck.
10:37 of 1st period - Wrist shot by Brad Winchester.
10:37 of 1st period - Stopped by Maxime Ouellet without a rebound.
10:38 of 1st period - Marc-Antoine Pouliot wins face-off versus Ryan O'Reilly in Scraper zone.
10:49 of 1st period - Wrist shot by Marc-Antoine Pouliot.
10:49 of 1st period - Shot Misses the Net.
10:51 of 1st period - Backhand shot by Roman Polak.
10:51 of 1st period - Shot Blocked by Derek Joslin.
10:53 of 1st period - Snap shot by Marc-Antoine Pouliot.
10:53 of 1st period - Deflect By Ryan Shannon.
10:53 of 1st period - Shot Misses the Net.
10:53 of 1st period - Puck is out of play.
10:54 of 1st period - Brayden Schenn wins face-off versus Tyler Brenner in Scraper zone.
11:09 of 1st period - Snap shot by Brad Winchester.
11:09 of 1st period - Shot Misses the Net.
11:19 of 1st period - Kenndal McArdle is hit by Eric Godard and loses puck.
11:28 of 1st period - Slapshot by Kenndal McArdle.
11:28 of 1st period - Stopped by Maxime Ouellet without a rebound.
11:28 of 1st period - Minor Penalty to Maxime Ouellet for Delaying the game.
11:29 of 1st period - Tyler Brenner wins face-off versus Brayden Schenn in Scraper zone.
11:50 of 1st period - Jared Cowen is hit by Shawn Belle and loses puck.
12:07 of 1st period - Wrist shot by Marc-Antoine Pouliot.
12:07 of 1st period - Goal by Marc-Antoine Pouliot - Scraper : 0 - Atomiques : 1.
12:08 of 1st period - Tyler Brenner wins face-off versus Brayden Schenn in neutral zone.
12:17 of 1st period - Snap shot by Brayden Schenn.
12:17 of 1st period - Shot Misses the Net.
12:19 of 1st period - Slapshot by Jared Cowen.
12:19 of 1st period - Stopped by Alex Auld without a rebound.
12:20 of 1st period - Ryan O'Reilly wins face-off versus Tyler Brenner in Atomiques zone.
14:36 of 1st period - Wrist shot by Tyler Kennedy.
14:36 of 1st period - Shot Misses the Net.
15:39 of 1st period - Slapshot by Shawn Belle.
15:39 of 1st period - Shot Blocked by Derek Joslin.
15:41 of 1st period - Wrist shot by Marc-André Cliche.
15:41 of 1st period - Stopped by Maxime Ouellet with a rebound.
16:17 of 1st period - Icing by Derek Joslin.
16:18 of 1st period - Marc-Antoine Pouliot wins face-off versus Riley Armstrong in Scraper zone.
16:19 of 1st period - Wrist shot by Ryan Shannon.
16:19 of 1st period - Shot Blocked by Jared Cowen.
16:51 of 1st period - Snap shot by Eric Godard.
16:51 of 1st period - Shot Blocked by Brad Winchester.
16:53 of 1st period - Snap shot by Ryan O'Reilly.
16:53 of 1st period - Stopped by Alex Auld without a rebound.
16:54 of 1st period - Tyler Brenner wins face-off versus Brayden Schenn in Atomiques zone.
17:07 of 1st period - Wrist shot by Evander Kane.
17:07 of 1st period - Shot Blocked by Shawn Belle.
17:07 of 1st period - Shawn Belle from Atomiques is injured at 17:07 of 1st period (Right Hand).
17:08 of 1st period - Brayden Schenn wins face-off versus Tyler Brenner in Atomiques zone.
17:56 of 1st period - Snap shot by Riley Armstrong.
17:56 of 1st period - Shot Blocked by Andrew Kozek.
17:58 of 1st period - Wrist shot by Denis Shvidki.
17:58 of 1st period - Shot Misses the Net.
18:00 of 1st period - Slapshot by Nate Guenin.
18:00 of 1st period - Shot Misses the Net.
18:02 of 1st period - Slapshot by Nate Guenin.
18:02 of 1st period - Stopped by Alex Auld without a rebound.
18:03 of 1st period - Brayden Schenn wins face-off versus Tyler Brenner in Atomiques zone.
18:04 of 1st period - Snap shot by Evander Kane.
18:04 of 1st period - Stopped by Alex Auld without a rebound.
18:05 of 1st period - Tyler Brenner wins face-off versus Reilly Smith in Atomiques zone.
18:16 of 1st period - Tyler Kennedy is hit by Nate Guenin and loses puck.
18:53 of 1st period - Wrist shot by Marc-André Cliche.
18:53 of 1st period - Shot Misses the Net.
18:59 of 1st period - Wrist shot by Nick Johnson.
18:59 of 1st period - Shot Misses the Net.
19:23 of 1st period - Wrist shot by Alex Berry.
19:23 of 1st period - Shot Blocked by Eric Gryba.
19:42 of 1st period - Wrist shot by Evander Kane.
19:42 of 1st period - Shot Blocked by Alexander Sulzer.
19:44 of 1st period - Slapshot by Joe Finley.
19:44 of 1st period - Shot Blocked by Tyler Kennedy.
Goals for this period are 0 for Scraper vs 1 for Atomiques.
Shots for this period are 6 for Scraper vs 11 for Atomiques.
2nd period
0:01 of 2nd period - Brayden Schenn wins face-off versus Tyler Brenner in neutral zone.
0:10 of 2nd period - Wrist shot by Brad Winchester.
0:10 of 2nd period - Shot Misses the Net.
0:12 of 2nd period - Slapshot by Alexander Sulzer.
0:12 of 2nd period - Stopped by Maxime Ouellet with a rebound.
0:14 of 2nd period - Snap shot by Brad Winchester.
0:14 of 2nd period - Stopped by Maxime Ouellet with a rebound.
0:16 of 2nd period - Slapshot by Casey Borer.
0:16 of 2nd period - Stopped by Maxime Ouellet without a rebound.
0:17 of 2nd period - Ryan Shannon wins face-off versus Ben Eager in Scraper zone.
0:18 of 2nd period - Slapshot by Marc-Antoine Pouliot.
0:18 of 2nd period - Shot Misses the Net.
0:20 of 2nd period - Wrist shot by Kenndal McArdle.
0:20 of 2nd period - Stopped by Maxime Ouellet without a rebound.
0:21 of 2nd period - Marc-Antoine Pouliot wins face-off versus Ryan O'Reilly in Scraper zone.
0:22 of 2nd period - Wrist shot by Ryan Shannon.
0:22 of 2nd period - Stopped by Maxime Ouellet with a rebound.
0:54 of 2nd period - Slapshot by Evander Kane.
0:54 of 2nd period - Stopped by Alex Auld with a rebound.
0:56 of 2nd period - Snap shot by Eric Gryba.
0:56 of 2nd period - Deflect By Evander Kane.
0:56 of 2nd period - Shot Misses the Net.
0:56 of 2nd period - Puck is out of play.
0:57 of 2nd period - Marc-Antoine Pouliot wins face-off versus Eric Godard in Atomiques zone.
0:57 of 2nd period - Marc-Antoine Pouliot is hit by Joe Finley.
1:05 of 2nd period - Slapshot by Ryan O'Reilly.
1:05 of 2nd period - Stopped by Alex Auld without a rebound.
1:06 of 2nd period - Ryan O'Reilly wins face-off versus Marc-Antoine Pouliot in Atomiques zone.
1:14 of 2nd period - Wrist shot by Ryan O'Reilly.
1:14 of 2nd period - Stopped by Alex Auld without a rebound.
1:15 of 2nd period - Brayden Schenn wins face-off versus Tyler Brenner in Atomiques zone.
1:47 of 2nd period - Snap shot by Ben Eager.
1:47 of 2nd period - Goal by Ben Eager - Scraper : 1 - Atomiques : 1.
1:48 of 2nd period - Brayden Schenn wins face-off versus Tyler Brenner in neutral zone.
2:22 of 2nd period - Brad Winchester is hit by Daniel Winnik and loses puck.
2:41 of 2nd period - Slapshot by Brad Winchester.
2:41 of 2nd period - Stopped by Maxime Ouellet with a rebound.
2:43 of 2nd period - Snap shot by Casey Borer.
2:43 of 2nd period - Stopped by Maxime Ouellet with a rebound.
2:45 of 2nd period - Wrist shot by Tyler Kennedy.
2:45 of 2nd period - Goal by Tyler Kennedy - Scraper : 1 - Atomiques : 2.
2:46 of 2nd period - Marc-Antoine Pouliot wins face-off versus Brayden Schenn in neutral zone.
2:54 of 2nd period - Scott Jackson is hit by Jared Cowen.
3:14 of 2nd period - Slapshot by Daniel Winnik.
3:14 of 2nd period - Stopped by Alex Auld with a rebound.
3:26 of 2nd period - Snap shot by Kenndal McArdle.
3:26 of 2nd period - Shot Misses the Net.
3:28 of 2nd period - Slapshot by Scott Jackson.
3:28 of 2nd period - Deflect By Marc-Antoine Pouliot.
3:28 of 2nd period - Stopped by Maxime Ouellet with a rebound.
3:52 of 2nd period - Wrist shot by Kenndal McArdle.
3:52 of 2nd period - Shot Blocked by Derek Joslin.
3:54 of 2nd period - Snap shot by Kenndal McArdle.
3:54 of 2nd period - Stopped by Maxime Ouellet with a rebound.
3:56 of 2nd period - Wrist shot by Marc-Antoine Pouliot.
3:56 of 2nd period - Deflect By Kenndal McArdle.
3:56 of 2nd period - Shot Blocked by Derek Joslin.
3:56 of 2nd period - Puck is out of play.
3:57 of 2nd period - Tyler Kennedy wins face-off versus Brayden Schenn in Scraper zone.
3:58 of 2nd period - Wrist shot by Brad Winchester.
3:58 of 2nd period - Stopped by Maxime Ouellet without a rebound.
3:59 of 2nd period - Tyler Brenner wins face-off versus Brayden Schenn in Scraper zone.
4:14 of 2nd period - Snap shot by Tyler Kennedy.
4:14 of 2nd period - Stopped by Maxime Ouellet with a rebound.
4:56 of 2nd period - Jared Cowen is hit by Alexander Sulzer and loses puck.
5:00 of 2nd period - Icing by Eric Gryba.
5:01 of 2nd period - Tyler Brenner wins face-off versus Rick Schofield in Scraper zone.
5:04 of 2nd period - Wrist shot by Brad Winchester.
5:04 of 2nd period - Shot Misses the Net.
5:18 of 2nd period - Snap shot by Rick Schofield.
5:18 of 2nd period - Stopped by Alex Auld without a rebound.
5:19 of 2nd period - Marc-André Cliche wins face-off versus Brayden Schenn in Atomiques zone.
5:44 of 2nd period - Danny Biega is hit by Tyler Kennedy and loses puck.
6:03 of 2nd period - Slapshot by Kenndal McArdle.
6:03 of 2nd period - Shot Misses the Net.
6:11 of 2nd period - Slapshot by Jared Cowen.
6:11 of 2nd period - Shot Misses the Net.
6:13 of 2nd period - Snap shot by Denis Shvidki.
6:13 of 2nd period - Shot Misses the Net.
6:29 of 2nd period - Slapshot by Alex Berry.
6:29 of 2nd period - Stopped by Maxime Ouellet with a rebound.
6:31 of 2nd period - Snap shot by Alex Berry.
6:31 of 2nd period - Stopped by Maxime Ouellet with a rebound.
6:33 of 2nd period - Wrist shot by Brett Sutter.
6:33 of 2nd period - Shot Misses the Net.
6:49 of 2nd period - Slapshot by Evander Kane.
6:49 of 2nd period - Shot Misses the Net.
6:51 of 2nd period - Snap shot by Evander Kane.
6:51 of 2nd period - Goal by Evander Kane - Scraper : 2 - Atomiques : 2.
6:52 of 2nd period - Reilly Smith wins face-off versus Tyler Brenner in neutral zone.
6:55 of 2nd period - Alexander Sulzer is hit by Reilly Smith and loses puck.
7:25 of 2nd period - Wrist shot by Kenndal McArdle.
7:25 of 2nd period - Stopped by Maxime Ouellet without a rebound.
7:26 of 2nd period - Ryan O'Reilly wins face-off versus Tyler Brenner in Scraper zone.
7:39 of 2nd period - Slapshot by Eric Godard.
7:39 of 2nd period - Shot Blocked by Tyler Kennedy.
7:41 of 2nd period - Slapshot by Eric Gryba.
7:41 of 2nd period - Shot Blocked by Clayton Stoner.
7:51 of 2nd period - Tyler Brenner is hit by Denis Shvidki and loses puck.
8:20 of 2nd period - Snap shot by Brad Winchester.
8:20 of 2nd period - Deflect By Tyler Kennedy.
8:20 of 2nd period - Shot Blocked by Danny Biega.
8:20 of 2nd period - Puck is out of play.
8:21 of 2nd period - Marc-Antoine Pouliot wins face-off versus Brayden Schenn in Scraper zone.
8:24 of 2nd period - Snap shot by Ryan Shannon.
8:24 of 2nd period - Shot Blocked by Jared Cowen.
8:26 of 2nd period - Slapshot by Alexander Sulzer.
8:26 of 2nd period - Shot Blocked by Jared Cowen.
8:28 of 2nd period - Slapshot by Casey Borer.
8:28 of 2nd period - Stopped by Maxime Ouellet without a rebound.
8:29 of 2nd period - Marc-Antoine Pouliot wins face-off versus Brayden Schenn in Scraper zone.
9:22 of 2nd period - Wrist shot by Denis Shvidki.
9:22 of 2nd period - Goal by Denis Shvidki - Scraper : 3 - Atomiques : 2.
9:23 of 2nd period - Tyler Brenner wins face-off versus Brayden Schenn in neutral zone.
9:34 of 2nd period - Derek Joslin is hit by Brad Winchester and loses puck.
9:57 of 2nd period - Slapshot by Reilly Smith.
9:57 of 2nd period - Deflect By Evander Kane.
9:57 of 2nd period - Stopped by Alex Auld with a rebound.
9:59 of 2nd period - Slapshot by Derek Joslin.
9:59 of 2nd period - Stopped by Alex Auld with a rebound.
10:01 of 2nd period - Wrist shot by Reilly Smith.
10:01 of 2nd period - Stopped by Alex Auld without a rebound.
10:02 of 2nd period - Ryan O'Reilly wins face-off versus Tyler Brenner in Atomiques zone.
10:03 of 2nd period - Wrist shot by Ben Eager.
10:03 of 2nd period - Stopped by Alex Auld without a rebound.
10:04 of 2nd period - Ryan O'Reilly wins face-off versus Tyler Brenner in Atomiques zone.
10:36 of 2nd period - Slapshot by Kenndal McArdle.
10:36 of 2nd period - Stopped by Maxime Ouellet with a rebound.
10:49 of 2nd period - Icing by Brayden Schenn.
10:50 of 2nd period - Marc-André Cliche wins face-off versus Reilly Smith in Scraper zone.
11:16 of 2nd period - Derek Joslin is hit by Ryan Shannon and loses puck.
11:55 of 2nd period - Wrist shot by Brayden Schenn.
11:55 of 2nd period - Stopped by Alex Auld with a rebound.
12:11 of 2nd period - Tyler Kennedy is hit by Reilly Smith and loses puck.
12:30 of 2nd period - Wrist shot by Eric Godard.
12:30 of 2nd period - Deflect By Ryan O'Reilly.
12:30 of 2nd period - Stopped by Alex Auld without a rebound.
12:31 of 2nd period - Marc-André Cliche wins face-off versus Ryan O'Reilly in Atomiques zone.
12:45 of 2nd period - Slapshot by Ryan O'Reilly.
12:45 of 2nd period - Stopped by Alex Auld without a rebound.
12:46 of 2nd period - Tyler Brenner wins face-off versus Riley Armstrong in Atomiques zone.
12:46 of 2nd period - Tyler Brenner is hit by Riley Armstrong.
12:56 of 2nd period - Snap shot by Tyler Kennedy.
12:56 of 2nd period - Deflect By Brad Winchester.
12:56 of 2nd period - Goal by Brad Winchester - Scraper : 3 - Atomiques : 3.
12:57 of 2nd period - Ryan O'Reilly wins face-off versus Tyler Brenner in neutral zone.
13:04 of 2nd period - Wrist shot by Ryan O'Reilly.
13:04 of 2nd period - Shot Blocked by Alexander Sulzer.
13:24 of 2nd period - Alexander Sulzer is hit by Eric Gryba.
13:44 of 2nd period - Wrist shot by Jerome Samson.
13:44 of 2nd period - Goal by Jerome Samson - Scraper : 4 - Atomiques : 3.
13:45 of 2nd period - Tyler Brenner wins face-off versus Ryan O'Reilly in neutral zone.
14:06 of 2nd period - Minor Penalty to Casey Borer for Hooking.
14:07 of 2nd period - Brayden Schenn wins face-off versus Brad Winchester in Atomiques zone.
16:06 of 2nd period - Penalty to Casey Borer is over, Casey Borer is back on ice.
16:18 of 2nd period - Slapshot by Brett Sutter.
16:18 of 2nd period - Shot Blocked by Marcus Foligno.
16:20 of 2nd period - Slapshot by Casey Borer.
16:20 of 2nd period - Stopped by Maxime Ouellet with a rebound.
16:22 of 2nd period - Snap shot by John McCarthy.
16:22 of 2nd period - Shot Blocked by Eric Gryba.
16:24 of 2nd period - Slapshot by Roman Polak.
16:24 of 2nd period - Shot Blocked by Jerome Samson.
18:03 of 2nd period - Wrist shot by Alex Berry.
18:03 of 2nd period - Stopped by Maxime Ouellet with a rebound.
18:05 of 2nd period - Slapshot by Andrew Kozek.
18:05 of 2nd period - Stopped by Maxime Ouellet without a rebound.
18:06 of 2nd period - Brett Sutter wins face-off versus Brayden Schenn in Scraper zone.
18:26 of 2nd period - Backhand shot by Brett Sutter.
18:26 of 2nd period - Stopped by Maxime Ouellet without a rebound.
18:27 of 2nd period - Ryan O'Reilly wins face-off versus Marc-Antoine Pouliot in Scraper zone.
18:36 of 2nd period - Slapshot by Ryan O'Reilly.
18:36 of 2nd period - Stopped by Alex Auld with a rebound.
18:52 of 2nd period - Slapshot by Derek Joslin.
18:52 of 2nd period - Deflect By Riley Armstrong.
18:52 of 2nd period - Shot Blocked by Casey Borer.
18:52 of 2nd period - Puck is out of play.
18:53 of 2nd period - Riley Armstrong wins face-off versus Tyler Brenner in Atomiques zone.
19:31 of 2nd period - Icing by Ryan Shannon.
19:32 of 2nd period - Ryan O'Reilly wins face-off versus Marc-Antoine Pouliot in Atomiques zone.
19:35 of 2nd period - Snap shot by Ryan O'Reilly.
19:35 of 2nd period - Shot Misses the Net.
Goals for this period are 4 for Scraper vs 2 for Atomiques.
Shots for this period are 17 for Scraper vs 22 for Atomiques.
3rd period
0:01 of 3rd period - Brayden Schenn wins face-off versus Tyler Brenner in neutral zone.
1:09 of 3rd period - Slapshot by Nate Guenin.
1:09 of 3rd period - Deflect By Marcus Foligno.
1:09 of 3rd period - Shot Misses the Net.
1:09 of 3rd period - Puck is out of play.
1:10 of 3rd period - Rick Schofield wins face-off versus Brett Sutter in Atomiques zone.
1:11 of 3rd period - Slapshot by Nate Guenin.
1:11 of 3rd period - Stopped by Alex Auld without a rebound.
1:12 of 3rd period - Rick Schofield wins face-off versus Brett Sutter in Atomiques zone.
1:17 of 3rd period - Wrist shot by Jerome Samson.
1:17 of 3rd period - Shot Misses the Net.
1:45 of 3rd period - Snap shot by Marcus Foligno.
1:45 of 3rd period - Shot Blocked by Casey Borer.
1:47 of 3rd period - Snap shot by Jerome Samson.
1:47 of 3rd period - Stopped by Alex Auld with a rebound.
1:49 of 3rd period - Snap shot by Rick Schofield.
1:49 of 3rd period - Goal by Rick Schofield - Scraper : 5 - Atomiques : 3.
1:50 of 3rd period - Brayden Schenn wins face-off versus Tyler Brenner in neutral zone.
1:50 of 3rd period - Minor Penalty to Reilly Smith for Tripping.
1:51 of 3rd period - Brayden Schenn wins face-off versus Tyler Brenner in Scraper zone.
1:56 of 3rd period - Slapshot by Derek Joslin.
1:56 of 3rd period - Stopped by Alex Auld without a rebound.
1:57 of 3rd period - Brayden Schenn wins face-off versus Tyler Brenner in Atomiques zone.
3:50 of 3rd period - Penalty to Reilly Smith is over, Reilly Smith is back on ice.
4:09 of 3rd period - Snap shot by Ryan O'Reilly.
4:09 of 3rd period - Stopped by Alex Auld with a rebound.
4:11 of 3rd period - Slapshot by Danny Biega.
4:11 of 3rd period - Deflect By Alexander Sulzer.
4:11 of 3rd period - Stopped by Alex Auld without a rebound.
4:12 of 3rd period - Marc-André Cliche wins face-off versus Ryan O'Reilly in Atomiques zone.
5:00 of 3rd period - Snap shot by John McCarthy.
5:00 of 3rd period - Stopped by Maxime Ouellet without a rebound.
5:01 of 3rd period - Evander Kane wins face-off versus Brett Sutter in Scraper zone.
5:01 of 3rd period - Evander Kane is hit by Clayton Stoner.
5:04 of 3rd period - Icing by Joe Finley.
5:05 of 3rd period - Brayden Schenn wins face-off versus Brett Sutter in Scraper zone.
5:05 of 3rd period - Brayden Schenn is hit by Scott Jackson.
5:34 of 3rd period - Snap shot by Evander Kane.
5:34 of 3rd period - Stopped by Alex Auld with a rebound.
5:40 of 3rd period - Wrist shot by Brayden Schenn.
5:40 of 3rd period - Shot Misses the Net.
6:10 of 3rd period - Slapshot by John McCarthy.
6:10 of 3rd period - Shot Misses the Net.
6:23 of 3rd period - Derek Joslin is hit by John McCarthy.
6:37 of 3rd period - Slapshot by Evander Kane.
6:37 of 3rd period - Shot Blocked by Scott Jackson.
6:39 of 3rd period - Minor Penalty to John McCarthy for Tripping.
6:40 of 3rd period - Ryan O'Reilly wins face-off versus Brad Winchester in Atomiques zone.
7:26 of 3rd period - Icing by Ryan O'Reilly.
7:27 of 3rd period - Brad Winchester wins face-off versus Daniel Winnik in Scraper zone.
8:39 of 3rd period - Penalty to John McCarthy is over, John McCarthy is back on ice.
8:52 of 3rd period - Minor Penalty to Marcus Foligno for Hooking.
8:53 of 3rd period - Brayden Schenn wins face-off versus Tyler Brenner in Scraper zone.
9:03 of 3rd period - Wrist shot by Tyler Kennedy.
9:03 of 3rd period - Deflect By Tyler Brenner.
9:03 of 3rd period - Deflect By Brayden Schenn.
9:03 of 3rd period - Shot Misses the Net.
9:03 of 3rd period - Puck is out of play.
9:04 of 3rd period - Tyler Brenner wins face-off versus Brayden Schenn in Scraper zone.
9:11 of 3rd period - Wrist shot by Brad Winchester.
9:11 of 3rd period - Shot Misses the Net.
9:13 of 3rd period - Slapshot by Casey Borer.
9:13 of 3rd period - Shot Misses the Net.
9:45 of 3rd period - Backhand shot by Kenndal McArdle.
9:45 of 3rd period - Stopped by Maxime Ouellet with a rebound.
9:47 of 3rd period - Wrist shot by Ryan Shannon.
9:47 of 3rd period - Shot Misses the Net.
10:21 of 3rd period - Ben Eager is hit by Brad Winchester and loses puck.
10:36 of 3rd period - Alexander Sulzer is hit by Ben Eager and loses puck.
10:52 of 3rd period - Penalty to Marcus Foligno is over, Marcus Foligno is back on ice.
10:57 of 3rd period - Eric Gryba is hit by Clayton Stoner and loses puck.
11:24 of 3rd period - Wrist shot by Alex Berry.
11:24 of 3rd period - Stopped by Maxime Ouellet without a rebound.
11:25 of 3rd period - Ryan O'Reilly wins face-off versus John McCarthy in Scraper zone.
11:34 of 3rd period - Snap shot by Ryan O'Reilly.
11:34 of 3rd period - Stopped by Alex Auld with a rebound.
11:36 of 3rd period - Slapshot by Danny Biega.
11:36 of 3rd period - Shot Blocked by Roman Polak.
11:50 of 3rd period - Marcus Foligno is hit by Marc-Antoine Pouliot and loses puck.
11:55 of 3rd period - Snap shot by Ryan Shannon.
11:55 of 3rd period - Stopped by Maxime Ouellet without a rebound.
11:56 of 3rd period - Marc-Antoine Pouliot wins face-off versus Ryan O'Reilly in Scraper zone.
12:04 of 3rd period - Icing by Jared Cowen.
12:05 of 3rd period - Ryan O'Reilly wins face-off versus Tyler Brenner in Scraper zone.
12:35 of 3rd period - Wrist shot by Kenndal McArdle.
12:35 of 3rd period - Shot Misses the Net.
12:45 of 3rd period - Kenndal McArdle is hit by Ryan O'Reilly and loses puck.
12:52 of 3rd period - Backhand shot by Eric Godard.
12:52 of 3rd period - Shot Blocked by Alexander Sulzer.
12:56 of 3rd period - Snap shot by Ben Eager.
12:56 of 3rd period - Shot Misses the Net.
12:58 of 3rd period - Snap shot by Jared Cowen.
12:58 of 3rd period - Shot Blocked by Casey Borer.
13:00 of 3rd period - Snap shot by Ben Eager.
13:00 of 3rd period - Stopped by Alex Auld without a rebound.
13:01 of 3rd period - Tyler Brenner wins face-off versus Brayden Schenn in Atomiques zone.
13:55 of 3rd period - Snap shot by Brett Sutter.
13:55 of 3rd period - Deflect By Alex Berry.
13:55 of 3rd period - Shot Misses the Net.
13:55 of 3rd period - Puck is out of play.
13:56 of 3rd period - Brayden Schenn wins face-off versus Tyler Brenner in Scraper zone.
14:01 of 3rd period - Snap shot by Evander Kane.
14:01 of 3rd period - Shot Blocked by Brad Winchester.
14:56 of 3rd period - Slapshot by Andrew Kozek.
14:56 of 3rd period - Stopped by Maxime Ouellet without a rebound.
14:57 of 3rd period - Tyler Brenner wins face-off versus Ryan O'Reilly in Scraper zone.
15:00 of 3rd period - Snap shot by Tyler Kennedy.
15:00 of 3rd period - Shot Blocked by Jared Cowen.
15:22 of 3rd period - Eric Gryba is hit by Ryan Shannon and loses puck.
15:48 of 3rd period - Joe Finley is hit by Kenndal McArdle and loses puck.
15:59 of 3rd period - Snap shot by Marc-Antoine Pouliot.
15:59 of 3rd period - Shot Misses the Net.
16:13 of 3rd period - Snap shot by Ryan Shannon.
16:13 of 3rd period - Deflect By Kenndal McArdle.
16:13 of 3rd period - Stopped by Maxime Ouellet with a rebound.
16:15 of 3rd period - Slapshot by Casey Borer.
16:15 of 3rd period - Shot Misses the Net.
16:17 of 3rd period - Slapshot by Kenndal McArdle.
16:17 of 3rd period - Stopped by Maxime Ouellet with a rebound.
16:19 of 3rd period - Snap shot by Marc-Antoine Pouliot.
16:19 of 3rd period - Deflect By Ryan Shannon.
16:19 of 3rd period - Goal by Ryan Shannon - Scraper : 5 - Atomiques : 4.
16:20 of 3rd period - Marc-André Cliche wins face-off versus Riley Armstrong in neutral zone.
17:46 of 3rd period - Snap shot by Riley Armstrong.
17:46 of 3rd period - Stopped by Alex Auld without a rebound.
17:47 of 3rd period - Brayden Schenn wins face-off versus Brad Winchester in Atomiques zone.
17:50 of 3rd period - Wrist shot by Brayden Schenn.
17:50 of 3rd period - Stopped by Alex Auld with a rebound.
17:52 of 3rd period - Wrist shot by Evander Kane.
17:52 of 3rd period - Stopped by Alex Auld with a rebound.
18:29 of 3rd period - Eric Gryba is hit by Tyler Kennedy and loses puck.
18:46 of 3rd period - Snap shot by Evander Kane.
18:46 of 3rd period - Deflect By Brayden Schenn.
18:46 of 3rd period - Shot Blocked by Casey Borer.
18:46 of 3rd period - Puck is out of play.
18:47 of 3rd period - Cory Clouston call a timeout for Atomiques.
18:47 of 3rd period - Brayden Schenn wins face-off versus Brad Winchester in Atomiques zone.
18:56 of 3rd period - Atomiques, Alex Auld is pulled from the net.
19:22 of 3rd period - Eric Gryba is hit by Marc-André Cliche and loses puck.
Goals for this period are 1 for Scraper vs 1 for Atomiques.
Shots for this period are 12 for Scraper vs 8 for Atomiques.
Output by the SimonT Hockey Simulator (STHS) for François Prévost -- Original Page W3C XHTML 1.0 Valid